 Dungeon Crawl Stone Soup version 0.28-a0-1447-ga5a8893891 (webtiles) character file.

Game seed: 15225457310009397871

11900 derath95 the Fighter (level 11, -12/89 HPs)
             Began as a Demonspawn Fighter on Jan 11, 2022.
             Was a Follower of Uskayaw.
             Mangled by a skeletal warrior (20 damage)
             ... led by a skeletal warrior
             ... on level 10 of the Dungeon.
             The game lasted 00:53:38 (11626 turns).

derath95 the Fighter (Demonspawn Fighter)          Turns: 11626, Time: 00:53:40

Health: -12/89     AC: 22    Str: 26    XL:     11   Next: 55%
Magic:  15/15      EV:  7    Int: 19    God:    Uskayaw [*.....]
Gold:   617        SH: 11    Dex: 19    Spells: 16/16 levels left

rFire   + . .      SeeInvis .   w - +3 war axe (flame)
rCold   + + .      Faith    .   c - +0 buckler
rNeg    . . .      Spirit   .   h - +2 plate armour
rPois   .          Reflect  .   (no helmet)
rElec   .          Harm     .   x - +0 cloak
rCorr   +          Rampage  +   k - +0 pair of gloves
Will    .....                   A - +2 pair of boots {rampage}
Stlth   ..........              f - amulet of the acrobat
HPRegen 0.24/turn               l - +6 ring of strength
MPRegen 0.14/turn               z - ring of Xom's Bemusement {rF+ rC++ Will- rCorr Int+9}

@: no status effects
A: claws 1, thin skeletal structure 2, spiny 3, condensation shield, camouflage
1, agile 1
a: Renounce Religion, Stomp


You were on level 10 of the Dungeon.
You worshipped Uskayaw.
Uskayaw was noncommittal.
You visited 2 branches of the dungeon, and saw 12 of its levels.
You also visited: Bailey.

You collected 767 gold pieces.
You spent 150 gold pieces at shops.

Inventory:

Hand Weapons
 w - a +3 war axe of flaming (weapon)
 C - a +0 dire flail of protection
Missiles
 n - 3 throwing nets (quivered)
Armour
 c - a +0 buckler (worn)
 h - a +2 plate armour (worn)
 k - a +0 pair of gloves (worn)
 x - a +0 cloak (worn)
 A - a +2 pair of boots of rampaging (worn)
Jewellery
 e - a ring of willpower
 f - an amulet of the acrobat (around neck)
 l - a +6 ring of strength (left hand)
 z - the ring of Xom's Bemusement (right hand) {rF+ rC++ Will- rCorr Int+9}
   (You found it on level 7 of the Dungeon)

   [ring of resist corrosion]

   Int:       It affects your intelligence (+9).
   rF:        It protects you from fire.
   rC:        It greatly protects you from cold.
   rCorr:     It protects you from acid and corrosion.
   Will:      It decreases your willpower.
 D - an amulet of faith
 E - an amulet of guardian spirit
 G - a +4 ring of protection
 K - a ring of protection from cold
Wands
 p - a wand of polymorph (5)
 r - a wand of flame (8)
 t - a wand of charming (4)
 I - a wand of digging (3)
Scrolls
 a - 2 scrolls of fog
 b - a scroll of magic mapping
 i - 4 scrolls of torment
 j - a scroll of immolation
 o - a scroll of amnesia
 s - 4 scrolls of teleportation
 u - 2 scrolls of blinking
 y - a scroll of silence
 B - a scroll of identify
 F - a scroll of fear
Potions
 d - 2 potions of berserk rage
 g - 2 potions of brilliance
 m - 2 potions of flight
 q - 2 potions of haste
 v - a potion of curing
Miscellaneous
 H - a box of beasts (inert)
 J - a phantom mirror (inert)


   Skills:
 + Level 9.3 Fighting
 + Level 8.3 Axes
 + Level 8.5 Armour
 + Level 8.5 Shields
 + Level 3.1 Spellcasting
 + Level 4.5 Invocations
 + Level 3.4 Evocations


You had 16 spell levels left.
You didn't know any spells.
Your spell library contained the following spells:

 Spells                   Type           Power      Damage    Failure   Level
 Sandblast                Erth           6%         2d5       89%         1
 Summon Small Mammal      Summ           12%        N/A       89%         1
 Passwall                 Tmut/Erth      2%         N/A       96%         2
 Static Discharge         Conj/Air       3%         N/A       96%         2
 Call Canine Familiar     Summ           3%         N/A       99%         3
 Confusing Touch          Hex            3%         N/A       99%         3
 Dazzling Flash           Conj/Hex       6%         N/A       99%         3
 Ozocubu's Armour         Ice            3%         N/A       99%         3
 Stone Arrow              Conj/Erth      6%         3d7       99%         3
 Summon Guardian Golem    Hex/Summ       3%         N/A       99%         3
 Animate Armour           Summ/Erth      6%         N/A       100%        4
 Iskenderun's Mystic Bla  Conj/Tloc      3%         2d3       100%        4
 Lightning Bolt           Conj/Air       1%         1d12      100%        5
 Metabolic Englaciation   Hex/Ice        1%         N/A       100%        5
 Summon Forest            Summ/Tloc      1%         N/A       100%        5
 Yara's Violent Unravell  Hex/Tmut       1%         3d3       100%        5
 Eringya's Noxious Bog    Tmut/Pois      1%         N/A       100%        6
 Simulacrum               Ice/Necr       1%         N/A       100%        6
 Starburst                Conj/Fire      1%         6d3       100%        6
 Enfeeble                 Hex            1%         N/A       100%        7
 Summon Hydra             Summ           1%         N/A       100%        7
 Lehudib's Crystal Spear  Conj/Erth      1%         10d2      100%        8
 Maxwell's Capacitive Co  Air            1%         ∞         100%        8


Dungeon Overview and Level Annotations

Branches:
Dungeon (11/15)            Temple (1/1) D:5             Orc (0/2) D:10
 Bailey (visited)
   Lair: D:8-11

Altars:
Ashenzari
Cheibriados
Dithmenos
Elyvilon
Fedhas
Gozag
Hepliaklqana
Kikubaaqudgha
Makhleb
Nemelex Xobeh
Okawaru
Qazlal
Ru
Sif Muna
Trog
Uskayaw
Vehumet
Wu Jian
Xom
Yredelemnul
Zin
The Shining One

Shops:
D:3 *   D:7 [   D:8 (


Innate Abilities, Weirdness & Mutations

You have sharp fingernails.
You have a moderately thin skeletal structure. (Dex +4, Stealth++)
You are completely covered in sharp spines.
A meltable shield of frost defends you. (SH +4)
Your skin changes colour to match your surroundings (Stealth+).
You are agile. (Dex +2)


Message History

Aiming: Throw Flame
Press: ? - help, Shift-Dir - straight line, f - skeletal warrior
Aim: a skeletal warrior, wielding a +0 scimitar (moderately damaged, 71% to hit)
The puff of flame hits the skeletal warrior but does no damage.
The skeletal warrior is moderately damaged.
Aiming: Throw Flame
Press: ? - help, Shift-Dir - straight line, f/p - skeletal warrior
Aim: a skeletal warrior, wielding a +0 scimitar (moderately damaged, 71% to hit)
The puff of flame hits the skeletal warrior but does no damage.
The skeletal warrior is moderately damaged.
Aiming: Throw Flame
Press: ? - help, Shift-Dir - straight line, f/p - skeletal warrior
Aim: a skeletal warrior, wielding a +0 scimitar (moderately damaged, 71% to hit)
The puff of flame misses the skeletal warrior.
The puff of flame hits the skeletal warrior.
The skeletal warrior is lightly damaged.
Aiming: Phantom Mirror
Press: ? - help, Dir - move target, f/p - skeletal warrior
Aim: a skeletal warrior, wielding a +0 scimitar (moderately damaged)
You reflect the skeletal warrior with the mirror!
The mirror clouds!
The skeletal warrior hits your skeletal warrior with a +0 scimitar.
Your skeletal warrior closely misses the skeletal warrior.
The skeletal warrior completely misses your skeletal warrior.
Your skeletal warrior hits the skeletal warrior with a +0 scimitar!
The skeletal warrior closely misses your skeletal warrior.
Your skeletal warrior hits the skeletal warrior with a +0 scimitar.
The skeletal warrior hits your skeletal warrior with a +0 scimitar!!
Your skeletal warrior hits the skeletal warrior with a +0 scimitar.
Your skeletal warrior misses the skeletal warrior.
The skeletal warrior hits you with a +0 scimitar!
* * * LOW HITPOINT WARNING * * *
You hit the skeletal warrior but do no damage.
The skeletal warrior is lightly damaged.
You hit the skeletal warrior but do no damage.
Your skeletal warrior shimmers and vanishes!
The skeletal warrior hits you but does no damage.
The skeletal warrior is struck by your spines.
The skeletal warrior hits you with a +0 scimitar!!
You die...

.##.............#
#........#
##...##......####
####.##### ....#######.##
#.# ##### ##'## #.# #.#
##...## #.# ###.#
##....>## ###.# #.#.#
##.......######.#.#
....###.........##..[...#
......'.........@..>....#
..<####........zz......##
#.## ##..............##
### ##.....#.......# #
##...##.......# #
######'###.......# #
#........#.......# #
#.#.........####.# #
#.#.##.#.##.# #.#


You could see 2 skeletal warriors.

Vanquished Creatures
  A hydra (D:9)
  2 two-headed ogres
  A goliath frog (D:11)
  A cyclops (D:11)
  A manticore (D:9)
  A blink frog (Bailey)
  9 spriggans (Bailey)
  2 wraiths
  9 yaks
  3 vampire mosquitoes (D:10)
  3 acid dragons
  2 water moccasins
  Duvessa (D:6)
  2 sky beasts
  A black bear (D:8)
  8 orc warriors
  A necrophage (D:8)
  7 ogres (Bailey)
  A centaur (D:9)
  A phantom (D:7)
  4 kobold brigands
  Blork the orc (D:4)
  5 scorpions
  A water moccasin skeleton (D:4)
  Dowan (D:6)
  4 killer bees (D:9)
  3 wights (D:8)
  4 howler monkeys
  A jelly (D:7)
  4 centaur zombies
  2 bullfrog zombies (D:7)
  A gnoll shaman (D:7)
  4 hounds
  A bullfrog skeleton (D:6)
  8 orc priests
  An iguana (D:5)
  5 orc wizards
  A hound skeleton (D:4)
  A howler monkey zombie (D:7)
  6 adders
  11 gnolls
  A shadow imp (D:8)
  A white imp (D:7)
  An ufetubus (D:7)
  4 worms
  3 dart slugs
  31 orcs
  4 ball pythons
  5 endoplasms
  A giant cockroach (D:4)
  11 goblins
  8 hobgoblins
  17 kobolds
  4 quokkas
  4 bats (D:1)
  3 frilled lizards (D:1)
  4 rats (D:1)
228 creatures vanquished.

Vanquished Creatures (collateral kills)
  A two-headed ogre (Bailey)
  An orc priest (D:4)
  An orc wizard (D:4)
3 creatures vanquished.

Vanquished Creatures (others)
  A wizard (D:3)
  A komodo dragon (D:11)
2 creatures vanquished.

Grand Total: 233 creatures vanquished

Notes
Turn   | Place    | Note
-------+----------+-------------------------------------------
     0 | D:1      | derath95 the Demonspawn Fighter began the quest for the
                  | Orb.
     0 | D:1      | Reached XP level 1. HP: 18/18 MP: 1/1
    89 | D:1      | Gained mutation: You are partially covered in sharp spines.
                  | [demonic ancestry]
    89 | D:1      | Reached XP level 2. HP: 19/24 MP: 2/2
   402 | D:1      | Gained mutation: You are mostly covered in sharp spines.
                  | [demonic ancestry]
   402 | D:1      | Reached XP level 3. HP: 18/29 MP: 3/3
   758 | D:2      | Found the dreamshard necklace {*Dream Drain}
   812 | D:2      | Identified the +0 leather armour of Buxtol {rElec rC+
                  | Will+}
   990 | D:2      | Found a faded altar of an unknown god.
  1370 | D:3      | Reached XP level 4. HP: 35/35 MP: 4/4
  1413 | D:3      | Found a bloodstained altar of Trog.
  1464 | D:3      | Noticed a wizard
  1471 | D:3      | Killed a wizard
  1545 | D:3      | Found Neshol's Assorted Antiques.
  2014 | D:3      | Noticed a kobold brigand
  2022 | D:3      | Killed a kobold brigand
  2023 | D:3      | Gained mutation: A meltable shield of frost defends you.
                  | (SH +4) [demonic ancestry]
  2023 | D:3      | Reached XP level 5. HP: 30/42 MP: 5/5
  2320 | D:4      | Reached skill level 4 in Fighting
  2489 | D:4      | Noticed Blork the orc
  2498 | D:4      | Killed Blork the orc
  2499 | D:4      | Reached XP level 6. HP: 27/48 MP: 6/6
  2738 | D:4      | Found an opulent altar of Gozag.
  2770 | D:4      | Found a radiant altar of Vehumet.
  3481 | D:5      | Entered Level 5 of the Dungeon
  3487 | D:5      | Gained mutation: You have sharp fingernails. [demonic
                  | ancestry]
  3487 | D:5      | Reached XP level 7. HP: 55/55 MP: 7/7
  3503 | D:5      | Found a staircase to the Ecumenical Temple.
  3520 | Temple   | Entered the Ecumenical Temple
  3799 | Temple   | Became a worshipper of Uskayaw the Reveller
  3837 | D:5      | Reached * piety under Uskayaw
  3841 | D:5      | Reached ** piety under Uskayaw
  4058 | D:5      | Reached *** piety under Uskayaw
  4093 | D:5      | Found a shimmering blue altar of Sif Muna.
  4272 | D:5      | Reached skill level 5 in Fighting
  4606 | D:5      | Noticed a yak
  4608 | D:5      | Noticed a yak
  4612 | D:5      | Noticed a yak
  4613 | D:5      | Noticed a yak
  4614 | D:5      | Killed a yak
  4614 | D:5      | Noticed a yak
  4616 | D:5      | Reached **** piety under Uskayaw
  4620 | D:5      | Reached ***** piety under Uskayaw
  4622 | D:5      | Killed a yak
  4623 | D:5      | Reached skill level 5 in Armour
  4623 | D:5      | Reached skill level 5 in Shields
  4623 | D:5      | Gained mutation: You have a somewhat thin skeletal
                  | structure. (Dex +2, Stealth+) [demonic ancestry]
  4623 | D:5      | Reached XP level 8. HP: 41/63 MP: 8/8
  4626 | D:5      | HP: 3/63 [yak (10)]
  4632 | D:5      | Reached skill level 5 in Axes
  4634 | D:5      | Reached skill level 6 in Fighting
  4982 | D:6      | Found a snail-covered altar of Cheibriados.
  5529 | D:6      | Gained mutation: You have a moderately thin skeletal
                  | structure. (Dex +4, Stealth++) [demonic ancestry]
  5529 | D:6      | Reached XP level 9. HP: 55/71 MP: 9/9
  5537 | D:6      | Noticed Dowan
  5539 | D:6      | Noticed Duvessa
  5674 | D:6      | Killed Dowan
  5760 | D:6      | Killed Duvessa
  6150 | D:6      | Found a burning altar of Makhleb.
  6157 | D:6      | Found an iron altar of Okawaru.
  6411 | D:7      | Found a sacrificial altar of Ru.
  6606 | D:7      | Reached skill level 7 in Fighting
  6859 | D:7      | Found Zocyts's Antique Armour Shop.
  6879 | D:7      | Identified the ring of Xom's Bemusement {rF+ rC++ Will-
                  | rCorr Int+9}
  6893 | D:7      | Bought a pair of runed boots for 150 gold pieces
  7064 | D:8      | Noticed a two-headed ogre
  7078 | D:8      | Killed a two-headed ogre
  7223 | D:8      | Found Cepnaah's Antique Weapon Boutique.
  7630 | D:8      | Gained mutation: You are completely covered in sharp
                  | spines. [demonic ancestry]
  7630 | D:8      | Reached XP level 10. HP: 52/79 MP: 10/10
  8190 | D:9      | Reached skill level 8 in Fighting
  8514 | D:9      | Noticed a manticore
  8535 | D:9      | Killed a manticore
  8890 | D:9      | Noticed a six-headed hydra
  8897 | D:9      | Killed a three-headed hydra
  9347 | D:10     | Entered Level 10 of the Dungeon
  9682 | D:10     | Noticed a two-headed ogre
  9690 | D:10     | Killed a two-headed ogre
  9691 | D:10     | Reached skill level 1 in Spellcasting
  9691 | D:10     | Reached skill level 1 in Invocations
  9691 | D:10     | Reached skill level 1 in Evocations
  9693 | D:10     | Found a flagged portal.
  9800 | Bailey   | Entered a bailey
  9883 | Bailey   | Noticed a two-headed ogre
  9885 | Bailey   | Reached XP level 11. HP: 39/87 MP: 13/13
  9896 | Bailey   | Killed a two-headed ogre
 10063 | Bailey   | Identified the +1 acid dragon scales of Amiru {rN++ Will-
                  | rCorr}
 10081 | Bailey   | Reached skill level 9 in Fighting
 10508 | D:10     | Found a blossoming altar of Fedhas.
 10680 | D:10     | Found a staircase to the Orcish Mines.
 11174 | D:10     | Gained mutation: Your skin changes colour to match your
                  | surroundings (Stealth+). [potion of mutation]
 11174 | D:10     | Gained mutation: You are agile. (Dex +2) [potion of
                  | mutation]
 11231 | D:11     | Noticed a boulder beetle
 11270 | D:11     | Noticed a goliath frog
 11270 | D:11     | a boulder beetle changed into a goliath frog
 11272 | D:11     | Killed a goliath frog
 11311 | D:11     | Noticed a skeletal warrior
 11312 | D:11     | Noticed a skeletal warrior
 11572 | D:11     | Noticed a skeletal warrior
 11575 | D:11     | Noticed a skeletal warrior
 11626 | D:10     | Mangled by a skeletal warrior

Illustrated notes

Levels and vault maps discovered:
D:1:      dpeg_arrival_shelter, layout_rooms, minivault_27
D:2:      layout_loops_ring, chequers_ecumenical_altar_simple
D:3:      layout_loops_corners, trog_wizard, serial_shops, shop
D:4:      layout_loops_ring, mainiacjoe_overflow_large_starburst,
          uniq_blork_the_orc
D:5:      layout_loops_ring, old_standard_altar, minmay_temple_entry_mist
D:6:      layout_cave_pools, amcnicky_altar_gilded,
          amethyst_overflow_temple_binary, uniq_duvessa
D:7:      layout_loops_ring, mainiacjoe_overflow_brackets, serial_shops,
          nicolae_shop_advertising_works [nicolae_subvault_shop_adworks],
          minmay_fractal_squares_diagonal_5
D:8:      layout_gridville, serial_shops, shop
D:9:      layout_roguey, st_stairs_14, mrwooster_statue_mirror,
          nrook_mini_backslash, minmay_orc_keep
D:10:     layout_loops_corners, lemuel_doored_altar, david_orc_1_choice,
          enter_bailey_2
D:11:     layout_loops_ring, david_lair_shrubbed, minmay_misc_feat_secret_circle
Temple:   nicolae_temple_figure_eight

Skill      XL: |  1  2  3  4  5  6  7  8  9 10 11 |
---------------+----------------------------------+-----
Axes           | 2 3 4 5 6 7 8 |  8.3
Shields        | 3 4 5 6 7 8 |  8.5
Armour         | 3 4 5 6 7 8 |  8.5
Fighting       | 4 5 6 7 8 9 |  9.3
Spellcasting   | 1 3 |  3.1
Invocations    | 2 4 |  4.5
Evocations     | 2 3 |  3.4

Action                   |  1- 3 |  4- 6 |  7- 9 | 10-12 || total
-------------------------+-------+-------+-------+-------++-------
Melee: War axe           |    70 |    94 |   174 |   251 ||   589
Invok: Line Pass         |       |       |     2 |       ||     2
Evoke: Wand              |       |       |     5 |    17 ||    22
       Box of beasts     |       |       |       |     1 ||     1
       Phantom mirror    |       |       |       |     1 ||     1
  Use: Potion            |       |       |    10 |     4 ||    14
       Scroll            |       |       |    11 |     9 ||    20
 Stab: Paralysed         |       |       |    17 |    23 ||    40
       Confused          |       |       |     1 |       ||     1
Armor: Scale mail        |    39 |    27 |    23 |       ||    89
       Plate armour      |       |       |    42 |    90 ||   132
Dodge: Dodged            |    27 |    23 |    59 |    71 ||   180
Block: Buckler           |    19 |    36 |    98 |   131 ||   284

Table legend: (Time is in decaauts)
 A = Elapsed time spent in this place.
 B = Non-inter-level travel time spent in this place.
 C = Inter-level travel time spent in this place.
 D = Time resting spent in this place.
 E = Time spent auto-exploring this place.
 F = Levels seen in this place.
 G = Mean time per level.
                   A        B        C        D        E       F      G
               +--------+--------+--------+--------+--------+-----+--------+
         Total |  11779 |  11563 |    216 |    324 |   8650 |  13 |  906.1 |
       Dungeon |  10947 |  10799 |    148 |    324 |   8188 |  11 |  995.2 |
        Temple |    307 |    239 |     68 |      0 |    221 |   1 |  307.0 |
        Bailey |    524 |    524 |      0 |      0 |    241 |   1 |  524.0 |
               +--------+--------+--------+--------+--------+-----+--------+

Top non-repeatable levels by time:
    D:10: 1623 daAuts
     D:5: 1305 daAuts
     D:4: 1255 daAuts
     D:9: 1229 daAuts
     D:6: 1133 daAuts
     D:8: 1096 daAuts
     D:3: 954 daAuts
     D:7: 840 daAuts
     D:2: 743 daAuts
     D:1: 591 daAuts
  Bailey: 524 daAuts
  Temple: 307 daAuts
    D:11: 173 daAuts
